 Dungeon Crawl Stone Soup version 0.31-a0-600-g62dffe198b (webtiles) character file.

Game seed: 5794323045493909040

29496 Izden the Fighter (level 13, -16/119 HPs)
             Began as a Minotaur Fighter on Aug 21, 2023.
             Was the Champion of Okawaru.
             Demolished by a white ugly thing (30 damage)
             ... on level 14 of the Dungeon.
             The game lasted 00:24:31 (12898 turns).

Izden the Fighter (Minotaur Fighter)               Turns: 12898, Time: 00:24:32

Health: -16/119    AC: 19    Str: 30    XL:     13   Next: 15%
Magic:  12/12      EV: 18    Int:  4    God:    Okawaru [******]
Gold:   674        SH: 11    Dex:  9    Spells: 12/12 levels left

rFire   . . .        i - +3 war axe (heavy)
rCold   . . .        c - +0 buckler
rNeg    . . .        b - +0 scale mail
rPois   .            (helmet restricted)
rElec   .            s - +1 cloak
rCorr   .            (no gloves)
SInv    .            t - +2 pair of boots {Fly}
Will    .....        k - amulet of reflection Stlth
                     y - +4 ring of protection
HPRegen 0.39/turn    h - +5 ring of evasion
MPRegen 0.13/turn

%: reflection
@: flying
A: horns 2, retaliatory headbutt, strong 1, MP-powered wands
a: Renounce Religion, Heroism, Finesse, Duel


You were on level 14 of the Dungeon.
You worshipped Okawaru.
Okawaru was exalted by your worship.
You visited 2 branches of the dungeon, and saw 15 of its levels.

You collected 932 gold pieces.
You spent 258 gold pieces at shops.

Inventory:

Hand Weapons
 a - a +1 spectral war axe
 i - a +3 heavy war axe (weapon)
Armour
 b - a +0 scale mail (worn)
 c - a +0 buckler (worn)
 m - the +7 plate armour of the Harvest {rF- Int+5}
   (You found it on level 8 of the Dungeon)

   Int+5:     It affects your intelligence (+5).
   rF-:       It makes you vulnerable to fire.
 s - a +1 cloak (worn)
 t - a +2 pair of boots of flying (worn)
Jewellery
 h - a +5 ring of evasion (right hand)
 k - an amulet of reflection (around neck)
 y - a +4 ring of protection (left hand)
Wands
 g - a wand of flame (9)
 n - a wand of roots (11)
 q - a wand of mindburst (13)
 w - a wand of paralysis (22)
Scrolls
 d - a scroll of fog
 p - 3 scrolls of immolation
 u - 3 scrolls of identify
 v - 6 scrolls of teleportation
 x - 3 scrolls of silence
 B - a scroll of fear
Potions
 e - 9 potions of curing
 f - 3 potions of enlightenment
 j - 2 potions of resistance
 l - 2 potions of attraction
 o - 3 potions of haste
 r - a potion of magic
 z - a potion of heal wounds
 A - a potion of lignification


   Skills:
 + Level 12.7 Fighting
 + Level 12.4 Axes
 + Level 12.7 Armour
 + Level 11.1 Dodging
 + Level 12.6 Shields


You had 12 spell levels left.
You didn't know any spells.
Your spell library contained the following spells:

 Spells                   Type           Power      Damage    Failure   Level
 Foxfire                  Conj/Fire      0%         2x1d4     73%         1
 Blink                    Tloc           0%         N/A       86%         2
 Ensorcelled Hibernation  Hex/Ice        0%         N/A       86%         2
 Lesser Beckoning         Tloc           0%         N/A       86%         2
 Momentum Strike          Conj/Tloc      0%         3d8       86%         2
 Dazzling Flash           Conj/Hex       0%         N/A       97%         3
 Ozocubu's Armour         Ice            0%         N/A       97%         3
 Portal Projectile        Hex/Tloc       0%         N/A       97%         3
 Anguish                  Hex/Necr       0%         N/A       100%        4
 Iskenderun's Mystic Bla  Conj/Tloc      0%         2d3       100%        4
 Agony                    Necr           0%         N/A       100%        5
 Silence                  Hex/Air        0%         N/A       100%        5
 Plasma Beam              Fire/Air       0%         2x1d10    100%        6
 Starburst                Conj/Fire      0%         6d3       100%        6
 Ozocubu's Refrigeration  Ice            0%         4d7       100%        7
 Tukima's Dance           Hex            Unusable   N/A       N/A         3

Dungeon Overview and Level Annotations

Branches:
Dungeon (14/15)            Temple (1/1) D:4            Lair (0/5) D:9
    Orc (0/2) D:9
 Vaults: D:13-14

Altars:
Ashenzari
Cheibriados
Dithmenos
Elyvilon
Fedhas
Gozag
Hepliaklqana
Kikubaaqudgha
Makhleb
Nemelex Xobeh
Okawaru
Qazlal
Ru
Sif Muna
Trog
Uskayaw
Vehumet
Wu Jian
Xom
Yredelemnul
Zin
The Shining One

Shops:
D:4 *   D:8 *


Innate Abilities, Weirdness & Mutations

You have a pair of horns on your head.
You reflexively headbutt those who attack you in melee.
Your muscles are strong. (Str +4, Int/Dex -1)
You expend magic power (3 MP) to strengthen your wands.


Message History

Okawaru accepts your kill.
You hit the white ugly thing but do no damage.
The white ugly thing punches you. The white ugly thing freezes you!
Unknown command.
You closely miss the white ugly thing. You headbutt the white ugly thing.
The white ugly thing is severely wounded.
You closely miss the white ugly thing. The white ugly thing tail-slaps you!
The white ugly thing freezes you!
The white ugly thing closely misses you.
The white ugly thing barely misses you.
Unknown command.
You are too injured to fight recklessly!
Unknown command.
Unknown command.
You block the white ugly thing's attack.
Things that are here:
a +2 long sword of electrocution; a +0 ring mail You slice the white ugly thing like a ripe choko!!!
The white ugly thing is severely wounded.
You completely miss the white ugly thing.
You block the white ugly thing's attack.
The white ugly thing misses you.
The white ugly thing punches you but does no damage.
Unknown command.
You closely miss the white ugly thing.
The white ugly thing is severely wounded.
You slash the white ugly thing! The white ugly thing tail-slaps you.
The white ugly thing freezes you!!
* * * LOW HITPOINT WARNING * * *
You block the white ugly thing's attack.
Unknown command.
You closely miss the white ugly thing. You headbutt the white ugly thing!
The white ugly thing is almost dead.
You slice the white ugly thing!!
You kill the white ugly thing!
Okawaru accepts your kill. The white ugly thing punches you.
* * * LOW HITPOINT WARNING * * *
The white ugly thing freezes you!!
You die...

#..# # #..# .# ###..#
#########.# ###.#..#
..........# #.......
##u####.....# #...#...
............#####..#####
#.####u........)..#
#...†)@....######.#
######..>..# #.# ###.###
#.# #.# #.# ... ..#
##.## ## #.#


You could see a white ugly thing.

Vanquished Creatures
  A rakshasa (D:12)
  2 centaur warriors
  5 two-headed ogres
  A boulder beetle (D:12)
  Urug (D:12)
  A sixfirhy (D:10)
  A deep elf pyromancer (D:14)
  10 cyclopes
  9 ugly things
  3 kobold demonologists (D:11)
  An unseen horror (D:11)
  An efreet (D:11)
  A tengu conjurer (D:13)
  6 trolls
  A hornet (D:9)
  10 slime creatures
  4 shadows
  5 wraiths
  4 wyverns
  A water elemental (D:13)
  19 yaks
  A vampire (D:13)
  2 steam dragons
  10 vampire mosquitoes
  3 acid dragons
  4 water moccasins
  3 wargs (D:9)
  An ice beast (D:7)
  A black bear (D:7)
  An ogre (D:5)
  8 centaurs
  A phantom (D:7)
  2 bullfrogs
  4 kobold brigands
  3 scorpions
  A gnoll sergeant (D:8)
  13 killer bees
  5 howler monkeys
  6 electric eels (D:7)
  A hound (D:7)
  An orc priest (D:9)
  A gnoll bouda (D:6)
  Natasha (D:3)
  7 orc wizards
  A sleepcap (D:7)
  An iguana (D:5)
  Robin (D:2)
  15 gnolls
  7 adders
  A shadow imp (D:6)
  3 white imps
  An ufetubus (D:5)
  4 dart slugs
  18 orcs
  9 ball pythons
  3 bats
  5 endoplasms
  7 giant cockroaches
  12 goblins
  10 hobgoblins
  3 jackals (D:2)
  3 quokkas
  8 frilled lizards
  28 kobolds
  7 rats
314 creatures vanquished.

Vanquished Creatures (others)
  An ugly thing (D:14)
  An unseen horror (D:11)
2 creatures vanquished.

Grand Total: 316 creatures vanquished

Notes
Turn   | Place    | Note
-------+----------+-------------------------------------------
     0 | D:1      | Izden the Minotaur Fighter began the quest for the Orb.
     0 | D:1      | Reached XP level 1. HP: 19/19 MP: 0/0
    61 | D:1      | Found a faded altar of an unknown god.
   187 | D:1      | Reached XP level 2. HP: 21/27 MP: 1/1
   332 | D:1      | Reached skill level 1 in Dodging
   433 | D:2      | Reached XP level 3. HP: 27/33 MP: 2/2
   746 | D:2      | Noticed Robin
   749 | D:2      | Reached XP level 4. HP: 38/40 MP: 3/3
   773 | D:2      | Killed Robin
  1301 | D:3      | Found a radiant altar of Vehumet.
  1489 | D:3      | Reached XP level 5. HP: 47/47 MP: 4/4
  1698 | D:3      | Noticed Natasha
  1704 | D:3      | Killed Natasha
  2136 | D:4      | Reached skill level 5 in Fighting
  2136 | D:4      | Reached skill level 5 in Armour
  2136 | D:4      | Reached XP level 6. HP: 38/56 MP: 5/5
  2267 | D:4      | Found a staircase to the Ecumenical Temple.
  2279 | Temple   | Entered the Ecumenical Temple
  2498 | D:4      | Found Huomach's General Store.
  2616 | D:4      | Found a sacrificial altar of Ru.
  3041 | D:5      | Entered Level 5 of the Dungeon
  3134 | D:5      | Reached skill level 5 in Shields
  3276 | D:5      | Reached XP level 7. HP: 61/61 MP: 6/6
  3325 | D:4      | Bought a +2 pair of boots of flying for 258 gold pieces
  3860 | D:6      | Found an iron altar of Okawaru.
  3868 | D:6      | Became a worshipper of Warmaster Okawaru
  3918 | D:6      | Reached skill level 5 in Axes
  3924 | D:6      | Noticed a steam dragon
  3932 | D:6      | Killed a steam dragon
  4306 | D:6      | Reached * piety under Okawaru
  4307 | D:6      | Reached XP level 8. HP: 69/70 MP: 7/7
  4516 | D:6      | Found a shimmering blue altar of Sif Muna.
  4640 | D:6      | Identified the staff of Hubris {rElec rN+ MP+9 Int+2 Air}
  5036 | D:7      | Reached skill level 5 in Dodging
  5042 | D:7      | Reached ** piety under Okawaru
  5044 | D:7      | Gained mutation: You are frail. (-10% HP) [potion of
                  | mutation]
  5044 | D:7      | Gained mutation: Your magical capacity is low. (-10% MP)
                  | [potion of mutation]
  5044 | D:7      | Gained mutation: You have a pair of large horns on your
                  | head. [potion of mutation]
  5635 | D:7      | Reached XP level 9. HP: 43/71 MP: 7/7
  6048 | D:8      | Noticed a two-headed ogre
  6060 | D:8      | Killed a two-headed ogre
  6060 | D:8      | Reached *** piety under Okawaru
  6275 | D:8      | Found Huef's Serpentskin Sales.
  6380 | D:8      | Identified the +7 plate armour of the Harvest {rF- Int+5}
  6799 | D:9      | Reached **** piety under Okawaru
  6804 | D:9      | Reached XP level 10. HP: 65/81 MP: 8/8
  6927 | D:9      | Found a staircase to the Lair.
  7078 | D:9      | Lost mutation: Your magical capacity is low. (-10% MP)
                  | [potion of mutation]
  7078 | D:9      | Lost mutation: You have a pair of large horns on your head.
                  | [potion of mutation]
  7078 | D:9      | Lost mutation: You are frail. (-10% HP) [potion of
                  | mutation]
  7078 | D:9      | Gained mutation: You expend magic power (3 MP) to
                  | strengthen your wands. [potion of mutation]
  7078 | D:9      | Gained mutation: Your muscles are strong. (Str +4, Int/Dex
                  | -1) [potion of mutation]
  7232 | D:9      | Found a staircase to the Orcish Mines.
  7536 | D:10     | Entered Level 10 of the Dungeon
  7550 | D:10     | Reached ***** piety under Okawaru
  7772 | D:10     | Found a runed translucent door.
  7773 | D:10     | Found a burning altar of Makhleb.
  7773 | D:10     | Noticed a sixfirhy
  7787 | D:10     | Killed a sixfirhy
  7788 | D:10     | Reached XP level 11. HP: 69/99 MP: 7/10
  7958 | D:10     | Found an opulent altar of Gozag.
  8025 | D:10     | Found a hazy altar of Hepliaklqana.
  8025 | D:10     | Found a stormy altar of Qazlal.
  8025 | D:10     | Found a white marble altar of Elyvilon.
  8025 | D:10     | Found a shadowy altar of Dithmenos.
  8033 | D:10     | Reached skill level 10 in Armour
  8033 | D:10     | Reached skill level 10 in Shields
  8038 | D:10     | Found a shimmering altar of Xom.
  8038 | D:10     | Found a broken altar of Ashenzari.
  8202 | D:10     | Reached skill level 10 in Fighting
  8590 | D:11     | Identified the +5 ring mail of Sempom {Int+2} (Okawaru
                  | gifted it to you on level 11 of the Dungeon)
  8590 | D:11     | Received a gift from Okawaru
  8626 | D:11     | Found a hide-covered altar of Uskayaw.
  8651 | D:11     | Reached skill level 10 in Axes
  8788 | D:11     | Noticed a green ugly thing
  8806 | D:11     | Killed a green ugly thing
  9265 | D:11     | Noticed a two-headed ogre
  9274 | D:11     | Noticed a two-headed ogre
  9288 | D:11     | Killed a two-headed ogre
  9288 | D:11     | Received a gift from Okawaru
  9295 | D:11     | Killed a two-headed ogre
  9296 | D:11     | Reached XP level 12. HP: 82/110 MP: 8/11
  9802 | D:12     | Received a gift from Okawaru
  9816 | D:12     | Found a bloodstained altar of Trog.
  9945 | D:12     | Noticed Urug
  9958 | D:12     | Killed Urug
 10223 | D:12     | Reached skill level 10 in Dodging
 10231 | D:12     | Found the amulet of Elemental Vulnerability {rPois rF--
                  | rC-- AC+8}
 10232 | D:12     | Noticed a boulder beetle
 10233 | D:12     | Noticed a two-headed ogre
 10238 | D:12     | Killed a boulder beetle
 10242 | D:12     | Killed a two-headed ogre
 10494 | D:12     | Noticed a centaur warrior
 10494 | D:12     | Noticed a rakshasa
 10504 | D:12     | Killed a centaur warrior
 10504 | D:12     | Reached ****** piety under Okawaru
 10504 | D:12     | Received a gift from Okawaru
 10505 | D:12     | Killed a rakshasa
 11072 | D:12     | Noticed a two-headed ogre
 11080 | D:12     | Killed a two-headed ogre
 11576 | D:13     | Noticed a centaur warrior
 11584 | D:13     | Killed a centaur warrior
 12453 | D:13     | Reached XP level 13. HP: 119/119 MP: 12/12
 12867 | D:14     | Identified the +2 quarterstaff "Zoawnohos" {vamp, Int+3}
 12890 | D:14     | Received a gift from Okawaru
 12898 | D:14     | Demolished by a white ugly thing

Illustrated notes

Levels and vault maps discovered:
D:1:      grunt_arrival_crossed_arrows, layout_basic,
          ebering_ecumenical_altar_webs
D:2:      layout_basic, chequers_mini_garden, uniq_robin
D:3:      kennysheep_big_flooded_room, layout_loops_cross,
          mainiacjoe_overflow_paths, wander_ebering_terrifying_dragon_lair,
          uniq_natasha
D:4:      layout_loops_ring, nicolae_ru_sacrificial_ziggurat,
          minmay_temple_entry_trees, serial_shops, nicolae_shop_back_alley_shop
D:5:      layout_loops_ring
D:6:      layout_basic, okawaru_ov_weapons_minmay, lemuel_crystal_altar
D:7:      layout_gridville, serial_bayou, serial_bayou_pond_e,
          serial_bayou_lagoon_a, serial_bayou_lagoon_b, serial_bayou_ford_a
D:8:      layout_gridville, guppyfry_shop_venom
D:9:      layout_roguey, erik_lair_orcish_takeover, uniq_erica
D:10:     layout_rooms, mainiacjoe_overflow_alcove_4, nzn_makhleb_speed_demon,
          minmay_overflow_temple_hex
D:11:     minmay_bloctagon, layout_loops_corners, dreamdust_wishing_well,
          eat_drink_and_be_merry_uskayaw
D:12:     layout_cave_pods, kennysheep_nondescript, bloody_trog, uniq_urug
D:13:     layout_loops_ring, serial_bayou, serial_bayou_shore_a,
          serial_bayou_shore_b, serial_bayou_pond_b, serial_bayou_pond_c
D:14:     layout_loops_ring, skrybe_vaults_entry_preservation,
          minmay_misc_feat_ornament
Temple:   cyrus_temple_forest

Skill      XL: |  1  2  3  4  5  6  7  8  9 10 11 12 13 |
---------------+----------------------------------------+-----
Dodging        | 1 2 3 4 5 6 8 9 10 11 | 11.1
Fighting       | 4 5 6 7 8 9 11 12 | 12.7
Armour         | 4 5 6 7 8 9 11 12 | 12.7
Axes           | 3 4 5 6 8 9 10 12 | 12.4
Shields        | 4 5 6 7 8 9 11 12 | 12.6

Action                     |  1- 3 |  4- 6 |  7- 9 | 10-12 | 13-15 || total
---------------------------+-------+-------+-------+-------+-------++-------
  Melee: War axe           |    71 |   155 |   190 |   357 |    36 ||   809
         Headbutt          |    10 |    14 |    49 |    72 |    15 ||   160
 Invoke: Heroism           |       |       |     1 |     2 |       ||     3
  Evoke: Wand              |       |       |     7 |    15 |       ||    22
    Use: Scroll            |     5 |     8 |     4 |     9 |     1 ||    27
         Potion            |       |       |     2 |     4 |       ||     6
 Armour: Scale mail        |    28 |    68 |    50 |   116 |     9 ||   271
  Dodge: Dodged            |    42 |   113 |   129 |   307 |    22 ||   613
  Block: Buckler           |    19 |    35 |   121 |   250 |    25 ||   450
         Reflection        |       |       |     4 |    24 |       ||    28

Table legend: (Time is in decaauts)
 A = Elapsed time spent in this place.
 B = Non-inter-level travel time spent in this place.
 C = Inter-level travel time spent in this place.
 D = Time resting spent in this place.
 E = Time spent auto-exploring this place.
 F = Levels seen in this place.
 G = Mean time per level.
                   A        B        C        D        E       F      G
               +--------+--------+--------+--------+--------+-----+--------+
         Total |  13095 |  12463 |    632 |    572 |   9714 |  15 |  873.0 |
       Dungeon |  13031 |  12430 |    601 |    572 |   9714 |  14 |  930.8 |
        Temple |     63 |     32 |     31 |      0 |      0 |   1 |   63.0 |
               +--------+--------+--------+--------+--------+-----+--------+

Top non-repeatable levels by time:
    D:12: 1548 daAuts
    D:11: 1467 daAuts
    D:13: 1219 daAuts
     D:7: 1199 daAuts
     D:4: 916 daAuts
     D:6: 888 daAuts
     D:2: 882 daAuts
     D:3: 864 daAuts
     D:8: 848 daAuts
    D:10: 811 daAuts
     D:9: 788 daAuts
     D:5: 767 daAuts
     D:1: 444 daAuts
    D:14: 382 daAuts
  Temple: 63 daAuts
